Map: Oceanborn LE

Players

SI 1 (Średnio trudna)

  • Race: Terran Terran
  • Spawn Location: 11:00

Krystianer - Winner!

  • Race: Protoss Protoss
  • League: Grandmaster
  • Spawn Location: 5:00

VOD

Have the link to the VOD?

Description

Time

  • Played on: March 2, 2024, 3:34 p.m.
  • Length: 7:21
Show
View Real Time Build Order
Export as new Build Order

SI 1 (Średnio trudna) Terran 

Build Orders:  

Get SALT Encoding   

  12  0:00  SCV  
  13  0:13  SCV  
  14  0:18  Supply Depot  
  14  0:25  SCV  
  15  0:39  SCV  
  16  0:43  Barracks  
  16  0:47  Refinery  
  16  0:52  SCV  
  17  1:04  SCV  
  18  1:17  Supply Depot  
  18  1:29  Marine  
  19  1:33  Orbital Command, Barracks  
  19  1:44  Refinery  
  19  1:48  Barracks Tech Lab  
  19  2:06  Marine  
  20  2:14  Supply Depot  
  20  2:24  Marine  
  21  2:33  Marine  
  22  2:45  Supply Depot  
  22  2:47  Marine  
  23  2:55  SCV  
  24  3:00  Marine  
  25  3:07  Engineering Bay  
  25  3:08  SCV  
  26  3:14  Marine  
  27  3:20  SCV  
  28  3:27  Marine  
  28  3:32  SCV  
  30  3:41  Marauder  
  30  3:44  SCV  
  30  3:47  Supply Depot  
  33  3:54  Marine  
  34  3:56  SCV  
  35  4:09  Marauder  
  37  4:30  Marauder  
  39  4:51  Marauder  
  41  5:49  SCV  
  37  6:01  SCV  
  38  6:13  SCV  
  39  6:25  SCV  
  39  6:37  SCV  
  40  6:49  SCV  
  40  6:50  Barracks Tech Lab  
  40  6:53  Factory  
  41  6:56  Factory, Marine  
  41  6:57  Command Center  
  41  7:00  Missile Turret  
  25  7:01  Missile Turret  
  25  7:04  Sensor Tower  
  25  7:05  SCV  
  25  7:07  Barracks  
Show
View Real Time Build Order
Export as new Build Order

Krystianer Protoss - Winner!

Build Orders: 1 Gate Expand, Zealot Archon, Archon Drop 

Get SALT Encoding   

  12  0:00  Probe  
  13  0:12  Probe  
  14  0:19  Pylon  
  14  0:24  Probe  
  15  0:37  Gateway, Probe (Chrono Boost)  
  16  0:46  Assimilator, Probe (Chrono Boost)  
  17  0:51  Probe  
  18  1:03  Probe  
  19  1:15  Probe  
  20  1:22  Nexus  
  20  1:31  Cybernetics Core  
  20  1:34  Probe  
  20  1:39  Assimilator  
  21  1:47  Probe  
  22  1:49  Pylon  
  22  1:59  Probe  
  23  2:04  Adept (Chrono Boost)  
  25  2:11  Probe  
  25  2:12  Warp Gate  
  26  2:17  Twilight Council  
  26  2:23  Probe (Chrono Boost)  
  26  2:27  Stalker  
  29  2:35  Probe (Chrono Boost)  
  29  2:36  Probe (Chrono Boost)  
  31  2:42  Probe (Chrono Boost)  
  31  2:43  Probe (Chrono Boost)  
  33  2:49  Probe x2  
  35  3:01  Shield Battery, Probe  
  35  3:02  Probe  
  37  3:07  Stalker  
  39  3:13  Probe (Chrono Boost)  
  39  3:17  Probe (Chrono Boost)  
  39  3:18  Robotics Facility  
  41  3:21  Assimilator  
  41  3:23  Assimilator  
  41  3:25  Probe (Chrono Boost)  
  43  3:28  Pylon  
  43  3:31  Probe (Chrono Boost)  
  43  3:32  Probe (Chrono Boost)  
  44  3:35  Gateway  
  44  3:39  Probe  
  44  3:40  Probe  
  46  3:46  Templar Archives  
  46  3:51  Probe  
  46  3:52  Probe  
  48  3:55  Gateway  
  48  3:57  Gateway  
  48  4:03  Warp Prism (Chrono Boost)  
  48  4:04  Psionic Storm  
  48  4:08  Probe  
  51  4:11  Probe  
  51  4:13  Pylon  
  52  4:17  Pylon  
  52  4:29  High Templar  
  54  4:35  High Templar, Pylon  
  54  4:36  Probe  
  54  4:37  Probe  
  58  4:48  Probe, Pylon  
  59  4:57  High Templar x2  
  63  5:00  Nexus  
  63  5:02  Probe x2  
  65  5:09  Zealot x2  
  65  5:10  Charge  
  70  5:14  Probe x2  
  70  5:15  Pylon  
  71  5:22  Immortal (Chrono Boost)  
  71  5:26  Probe  
  76  5:30  Probe  
  77  5:38  Probe  
  77  5:42  Probe  
  79  5:50  High Templar, Probe  
  79  5:51  High Templar, Zealot x2  
  79  5:54  Gateway, Probe  
  79  5:56  Gateway x2  
  89  6:02  Gateway, Archon  
  89  6:03  Archon  
  91  6:11  Probe x2 (Chrono Boost)  
  91  6:12  High Templar x2  
  91  6:13  Probe (Chrono Boost)  
  91  6:16  Shield Battery  
  96  6:18  Immortal (Chrono Boost)  
  96  6:21  Pylon  
  101  6:29  Zealot x2  
  104  6:41  Pylon  
  104  6:42  Pylon  
  104  6:45  Zealot x2  
  108  6:49  Zealot  
  108  6:50  Zealot x2  
  108  6:51  Zealot  
  116  6:55  Pylon x2  
  116  7:04  Zealot x2  
  116  7:06  Probe x2  
  122  7:16  Archon x2  
  122  7:17  Zealot x6  
Tags
 
Add a new tag
Caveats
  • Supply blocks, unpowered buildings, or Contaminate may cause inaccurate times.
  • Supply counts are checked every 10 seconds.